Map: [ESL] Data-C

Players

Dolan

  • Race: Terran Terran
  • Spawn Location: 3:00

PattyMac - Winner!

  • Race: Protoss Protoss
  • Spawn Location: 9:00

Event: DreamHack SC2 Masters 2022 Valencia

VOD

Have the link to the VOD?

Description

Time

  • Played on: July 1, 2022, 10:43 a.m.
  • Length: 14:36

All games in this series

Show
View Real Time Build Order
Export as new Build Order

Dolan Terran 

Build Orders: Cyclone Opening 

Get SALT Encoding   

  12  0:00  SCV  
  13  0:12  SCV  
  14  0:16  Supply Depot  
  14  0:24  SCV  
  15  0:38  SCV  
  15  0:39  Barracks  
  16  0:43  Refinery  
  16  0:50  SCV  
  17  1:02  SCV  
  18  1:14  SCV  
  19  1:26  Orbital Command, Marine  
  20  1:40  Command Center  
  20  1:55  SCV  
  20  1:57  Factory  
  21  2:03  Barracks Tech Lab  
  21  2:07  SCV  
  22  2:12  Supply Depot  
  22  2:19  SCV  
  23  2:32  Barracks  
  23  2:34  Barracks Reactor  
  23  2:38  Barracks  
  23  2:39  SCV  
  23  2:42  Refinery  
  24  2:48  Cyclone  
  27  2:51  SCV  
  27  2:57  Orbital Command  
  28  3:04  SCV  
  29  3:10  Marine x2  
  31  3:18  SCV  
  31  3:19  Orbital Command  
  32  3:20  Siege Tank  
  35  3:36  Marine x4  
  35  3:37  SCV  
  40  3:43  Supply Depot  
  40  3:55  SCV  
  40  3:56  Barracks Tech Lab, SCV, Barracks Reactor, Marine x2  
  44  4:05  Siege Tank  
  44  4:08  SCV x2, Supply Depot  
  49  4:14  Supply Depot  
  49  4:15  Marine x3  
  52  4:20  Combat Shield  
  52  4:23  SCV x2  
  54  4:30  Supply Depot  
  54  4:33  Marine  
  54  4:34  Marine x4  
  59  4:41  Siege Tank  
  62  4:47  SCV x2  
  62  4:48  Supply Depot  
  64  4:55  Marine x4  
  64  4:56  Marine  
  69  5:03  SCV x2  
  71  5:07  Starport  
  71  5:11  Supply Depot  
  71  5:15  Marine x4  
  71  5:17  Marine  
  71  5:20  SCV  
  77  5:21  SCV  
  78  5:30  Siege Tank  
  80  5:43  Stimpack  
  76  5:53  Marine x5  
  76  6:11  Medivac  
  76  6:14  Marine x5  
  81  6:26  Bunker  
  81  6:27  Bunker  
  81  6:47  Bunker  
  66  7:09  Marine x3  
  66  7:10  Marine  
  62  7:26  Marine  
  62  7:27  Marine x4  
  65  7:37  Siege Tank, Medivac  
  65  7:43  Marine  
  70  7:45  Marine x3  
  68  8:08  Marine  
  68  8:09  Marine x3  
  64  8:19  Marine  
  59  8:20  Siege Tank, Medivac  
  59  8:26  Marine x3  
  62  8:33  Marine  
  57  8:37  Marine  
  56  8:44  Engineering Bay, Marine  
  56  8:56  Siege Tank, Liberator  
  56  8:57  Marine x2  
  61  9:28  Orbital Command  
  55  9:35  Marine x5  
  55  9:37  Siege Tank  
  63  9:50  Medivac  
  65  10:03  Marine  
  65  10:04  Marine x3  
  69  10:15  Siege Tank  
  71  10:31  SCV x2  
  72  10:37  Medivac  
  60  11:06  SCV x2  
  62  11:14  Marine x4  
  62  11:15  Siege Tank, Marine  
  62  11:16  Medivac  
  62  11:18  SCV  
  73  11:25  SCV  
  74  11:30  SCV  
  75  11:40  Marine x2  
  77  11:57  Marine x2  
  79  12:01  Marine  
  79  12:09  Marine  
  79  12:10  Marine  
  79  12:12  Siege Tank, Medivac  
  65  12:37  Marine x3  
  68  13:08  Marine x5  
  70  13:31  Bunker  
  70  13:35  Bunker  
Show
View Real Time Build Order
Export as new Build Order

PattyMac Protoss - Winner!

Build Orders: 1 Gate Expand, Blink Stalkers 

Get SALT Encoding   

  12  0:00  Probe  
  13  0:12  Probe  
  14  0:17  Pylon  
  14  0:24  Probe (Chrono Boost)  
  15  0:36  Probe (Chrono Boost)  
  15  0:37  Gateway  
  16  0:44  Probe (Chrono Boost)  
  16  0:46  Assimilator  
  17  0:51  Probe  
  18  1:03  Probe  
  19  1:06  Gateway  
  19  1:24  Cybernetics Core  
  19  1:39  Nexus  
  19  1:48  Pylon  
  19  1:50  Probe  
  20  2:01  Adept (Chrono Boost)  
  22  2:05  Probe  
  22  2:06  Adept (Chrono Boost)  
  25  2:10  Assimilator  
  25  2:18  Probe  
  25  2:22  Adept  
  28  2:26  Adept  
  30  2:34  Pylon  
  30  2:36  Probe  
  31  2:41  Warp Gate  
  32  2:52  Probe (Chrono Boost)  
  32  2:56  Probe (Chrono Boost)  
  33  3:01  Probe (Chrono Boost)  
  33  3:05  Probe (Chrono Boost)  
  35  3:07  Probe  
  35  3:08  Twilight Council  
  36  3:15  Probe  
  36  3:19  Probe  
  38  3:22  Robotics Facility  
  38  3:27  Probe  
  37  3:34  Probe  
  37  3:39  Probe, Blink (Chrono Boost)  
  37  3:40  Gateway  
  39  3:46  Probe  
  40  3:51  Probe  
  41  3:58  Pylon  
  41  3:59  Probe  
  42  4:04  Probe, Assimilator  
  44  4:10  Observer (Chrono Boost)  
  44  4:11  Probe  
  44  4:13  Pylon  
  44  4:16  Probe  
  46  4:23  Probe  
  46  4:24  Observer (Chrono Boost)  
  47  4:28  Probe  
  49  4:35  Nexus, Probe  
  49  4:37  Stalker  
  52  4:40  Stalker, Probe  
  52  4:42  Pylon  
  52  4:45  Observer  
  56  4:47  Stalker, Probe  
  56  4:51  Assimilator  
  56  4:52  Probe  
  60  5:00  Probe  
  60  5:01  Stalker  
  60  5:04  Stalker  
  65  5:08  Immortal (Chrono Boost)  
  69  5:18  Shield Battery  
  69  5:21  Stalker, Pylon  
  71  5:28  Stalker  
  72  5:29  Stalker  
  74  5:38  Pylon  
  74  5:41  Immortal (Chrono Boost)  
  78  5:53  Stalker x3  
  82  6:17  Stalker x3  
  86  6:28  Gateway  
  86  6:30  Gateway  
  82  6:45  Stalker x2, Charge  
  86  6:48  Gateway  
  86  6:49  Gateway  
  86  6:52  Pylon  
  63  7:16  Stalker x2  
  64  7:32  Stalker  
  64  7:33  Stalker  
  66  7:54  Stalker x3  
  66  7:55  Stalker  
  50  8:13  Stalker x2  
  54  8:20  Stalker x4  
  56  8:40  Nexus  
  56  8:51  Zealot x3  
  62  9:20  Zealot x4  
  62  9:44  Pylon  
  62  9:46  Stalker  
  62  9:49  Sentry x3  
  70  10:01  Probe x3 (Chrono Boost)  
  70  10:02  Zealot x2  
  77  10:12  Probe x3 (Chrono Boost)  
  80  10:20  Zealot x2  
  84  10:27  Zealot x3  
  84  10:34  Probe  
  84  10:35  Zealot  
  85  10:42  Phoenix  
  78  10:56  Stalker x5  
  78  10:57  Stalker  
  84  10:59  Probe x2  
  82  11:06  Probe  
  83  11:11  Probe (Chrono Boost)  
  83  11:12  Probe (Chrono Boost)  
  86  11:18  Probe (Chrono Boost)  
  86  11:23  Probe (Chrono Boost)  
  86  11:24  Probe (Chrono Boost)  
  88  11:28  Probe (Chrono Boost)  
  88  11:30  Probe x2 (Chrono Boost)  
  91  11:33  Probe (Chrono Boost)  
  91  11:34  Stalker x2  
  91  11:35  Stalker x2  
  100  11:43  Stalker  
  101  11:58  Gateway  
  101  11:59  Gateway  
  101  12:08  Pylon  
  101  12:10  Pylon  
  87  12:22  Phoenix  
  87  12:32  Dark Shrine  
  87  12:44  Pylon, Robotics Facility  
  87  12:47  Pylon x2  
  87  12:49  Pylon  
  87  13:03  Pylon  
  87  13:05  Pylon  
  87  13:06  Zealot x6  
  93  13:29  Zealot x6  
  93  13:34  Nexus  
  99  13:48  Immortal (Chrono Boost)  
  96  13:49  Dark Templar  
  96  13:50  Dark Templar  
  86  14:15  Stalker x3  
  68  14:27  Stalker  

Tags
 
Add a new tag
Caveats
  • Supply blocks, unpowered buildings, or Contaminate may cause inaccurate times.
  • Supply counts are checked every 10 seconds.